 Dungeon Crawl Stone Soup version 0.30.1-11-g7821555f0a (webtiles) character file.

Game seed: 6498919152971100796

1516 Peloso the Carver (level 8, -10/71 HPs)
             Began as a Minotaur Fighter on Jan 10, 2024.
             Was a Follower of Okawaru.
             Mangled by Maggie
             ... wielding a +0 glaive
              (15 damage)
             ... on level 6 of the Dungeon.
             The game lasted 00:18:55 (5551 turns).

Peloso the Carver (Minotaur Fighter)                Turns: 5551, Time: 00:18:56

Health: -10/71     AC: 12    Str: 22    XL:     8   Next: 54%
Magic:  5/7        EV: 11    Int:  5    God:    Okawaru [*.....]
Gold:   299        SH:  6    Dex: 11    Spells: 7/7 levels left

rFire   . . .        a - +0 long sword (elec)
rCold   . . .        d - +0 buckler
rNeg    . . .        w - +0 chain mail
rPois   .            (helmet restricted)
rElec   .            (no cloak)
rCorr   .            (no gloves)
SInv    .            (no boots)
Will    .....        (no amulet)
Stlth   +            f - ring of flight
HPRegen 0.31/turn    (no ring)
MPRegen 0.10/turn

%: no passive effects
@: heroic, flying
A: horns 2, retaliatory headbutt
a: Renounce Religion, Heroism


You were on level 6 of the Dungeon.
You worshipped Okawaru.
Okawaru was aware of your devotion.
You visited 2 branches of the dungeon, and saw 7 of its levels.
You also visited: Sewer.

You collected 299 gold pieces.

Inventory:

Hand Weapons
 a - a +0 long sword of electrocution (weapon)
 b - a +2 spear of flaming
 c - a +1 falchion of freezing
Armour
 d - a +0 buckler (worn)
 w - a +0 chain mail (worn)
Jewellery
 f - a ring of flight (left hand)
 z - a ring of resist corrosion
Wands
 p - a wand of digging (7)
Scrolls
 g - a scroll of fear
 h - a scroll of magic mapping
 k - 4 scrolls of teleportation
 m - a scroll of amnesia
 u - a scroll of blinking
Potions
 e - 2 potions of curing
 j - a potion of ambrosia
 l - 2 potions of resistance {unknown}
 n - a potion of berserk rage {unknown}
 o - 4 potions of mutation
 q - a potion of invisibility {unknown}
 r - 2 potions of might
 s - a potion of heal wounds {unknown}
 v - a potion of lignification {unknown}
 x - a potion of haste


   Skills:
 + Level 6.6(11.6) Fighting
 + Level 8.0(13.0) Long Blades
 + Level 0.1(5.1) Throwing
 + Level 7.3(12.3) Armour
 + Level 2.2(7.2) Dodging
 + Level 1.5(6.5) Stealth
 + Level 5.7(10.7) Shields


You had 7 spell levels left.
You didn't know any spells.
Your spell library contained the following spells:

 Spells                   Type           Power      Damage    Failure   Level
 Freeze                   Ice            0%         1d3       95%         1
 Kiss of Death            Conj/Necr      0%         2d5       95%         1
 Ensorcelled Hibernation  Hex/Ice        0%         N/A       99%         2
 Confusing Touch          Hex            0%         N/A       100%        3
 Frozen Ramparts          Ice            0%         1d1       100%        3
 Hailstorm                Conj/Ice       0%         3d3       100%        3
 Spider Form              Tmut/Pois      0%         N/A       100%        3
 Anguish                  Hex/Necr       0%         N/A       100%        4
 Dispel Undead            Necr           0%         3d6       100%        4


Dungeon Overview and Level Annotations

Branches:
Dungeon (6/15)             Temple (1/1) D:5           Sewer (visited)

Altars:
Dithmenos
Elyvilon
Okawaru
Sif Muna

Annotations:
D:6 Maggie


Innate Abilities, Weirdness & Mutations

You have a pair of horns on your head.
You reflexively headbutt those who attack you in melee.


Message History

An adder is nearby!
You closely miss the adder. You block the adder's attack.
You miss the adder. Your headbutt misses the adder.
The adder barely misses you. You furiously retaliate!
You headbutt the adder. You hit the adder.
The adder is heavily wounded.
The adder bites you but does no damage. x2
You slash the adder!
You kill the adder!
Okawaru accepts your kill.
k - 4 scrolls of teleportation (gained 1) Maggie the Vainglorious comes into view.
She is wielding a +0 glaive.
Maggie shouts!
Maggie is nearby!
Maggie is nearby!
Maggie is nearby!
Maggie gestures at you while chanting. The bolt of fire hits you!!
Maggie points at you and mumbles some strange words.
The bolt of fire hits you!!
You gain the combat prowess of a mighty hero.
Maggie barely misses you. You furiously retaliate!
You headbutt Maggie! You closely miss Maggie.
Maggie is lightly wounded.
Maggie barely misses you. You furiously retaliate!
You headbutt Maggie. You hit Maggie.
Maggie is moderately wounded.
Maggie barely misses you.
You hit Maggie.
Maggie is moderately wounded.
Maggie says, "Leave now, and tell all of Margery's mercy!"
Maggie casts a spell at you. The bolt of fire hits you!!
* * * LOW HITPOINT WARNING * * *
You slash Maggie! Lightning courses through Maggie!
Maggie is almost dead.
You slash Maggie!
Maggie is almost dead.
Maggie hits you with a +0 glaive!
You die...

#. #..# ... # #.##
.# #... # #...
##.###.P.##.##..
##.....#...#......
##.@....##.##......
#.@......#.#.......
#.#####.##.##.#####
#.#...###...###...#
#...P....._?....P..
###...###...###...#
##### ##.## #####
#.# #.# #...#


You could see Maggie.

Vanquished Creatures
  Sigmund (D:2)
  An ice beast (D:5)
  An ogre (D:6)
  A kobold brigand (Sewer)
  4 scorpions
  A howler monkey (D:3)
  4 hounds
  An orc priest (D:5)
  2 jellies
  A sleepcap (D:5)
  4 iguanas
  Jessica (D:3)
  2 orc wizards
  Robin (D:3)
  9 gnolls
  13 adders
  5 river rats (Sewer)
  A white imp (D:6)
  2 ufetubi (D:5)
  2 dart slugs
  17 orcs
  11 ball pythons
  6 bats
  7 endoplasms
  7 giant cockroaches
  17 goblins
  15 hobgoblins
  3 jackals (Sewer)
  8 kobolds
  5 quokkas
  8 frilled lizards
  7 rats
168 creatures vanquished.

Notes
Turn   | Place    | Note
-------+----------+-------------------------------------------
     0 | D:1      | Peloso the Minotaur Fighter began the quest for the Orb.
     0 | D:1      | Reached XP level 1. HP: 19/19 MP: 0/0
   145 | D:1      | Reached XP level 2. HP: 27/27 MP: 1/1
   355 | D:1      | Reached XP level 3. HP: 31/33 MP: 2/2
   429 | D:1      | Found a faded altar of an unknown god.
   707 | D:2      | Reached skill level 3 in Long Blades
   836 | D:1      | Reached XP level 4. HP: 20/41 MP: 3/3
  1161 | D:2      | Noticed Sigmund
  1244 | D:2      | Killed Sigmund
  1245 | D:2      | Reached skill level 5 in Fighting
  1245 | D:2      | Reached skill level 4 in Long Blades
  1245 | D:2      | Reached skill level 5 in Armour
  1245 | D:2      | Reached skill level 1 in Dodging
  1245 | D:2      | Reached XP level 5. HP: 39/48 MP: 4/4
  1527 | D:2      | Reached XP level 6. HP: 45/56 MP: 5/5
  1860 | D:3      | Identified the +7 hand axe of Extinguishment {freeze, rC+
                  | Will+}
  1972 | D:3      | Noticed Jessica
  1982 | D:3      | Killed Jessica
  2196 | D:3      | Noticed Robin
  2211 | D:3      | Killed Robin
  2220 | D:3      | Reached skill level 5 in Long Blades
  2222 | D:3      | Reached skill level 5 in Shields
  2324 | D:3      | HP: 2/56 [gnoll/+0 flail (8)]
  2998 | D:4      | Reached XP level 7. HP: 48/61 MP: 6/6
  3273 | D:4      | Reached skill level 6 in Long Blades
  3887 | D:5      | Entered Level 5 of the Dungeon
  4054 | D:5      | Found a staircase to the Ecumenical Temple.
  4068 | Temple   | Entered the Ecumenical Temple
  4084 | Temple   | Became a worshipper of Warmaster Okawaru
  4313 | D:5      | Reached XP level 8. HP: 68/70 MP: 7/7
  4592 | D:5      | Reached skill level 7 in Long Blades
  4822 | D:6      | Reached skill level 1 in Stealth
  4830 | D:6      | Reached * piety under Okawaru
  4846 | D:6      | Found a glowing drain.
  4862 | Sewer    | Entered a sewer
  5115 | Sewer    | Reached skill level 8 in Long Blades
  5514 | D:6      | Found a white marble altar of Elyvilon.
  5543 | D:6      | Noticed Maggie
  5551 | D:6      | Mangled by Maggie

Illustrated notes

Levels and vault maps discovered:
D:1:      minmay_arrival_wavy_path, layout_basic,
          shapermc_ecumenical_altar_acropolis
D:2:      minmay_diamond_boxcup, layout_loops_ring, uniq_sigmund
D:3:      layout_loops_cross, grunt_ministairs_12, uniq_robin, uniq_jessica
D:4:      layout_basic, nrook_campfire
D:5:      layout_loops_ring, minmay_temple_entry_drinking_statues
D:6:      layout_rooms, elyvilon_altar_1, cheibrodos_sewer_entry_drain,
          uniq_grinder, uniq_maggie, uniq_pikel
Temple:   compressed_dpeg_circular_temple

Skill      XL: |  1  2  3  4  5  6  7  8 |
---------------+-------------------------+-----
Armour         | 4 5 6 7 |  7.3
Fighting       | 4 5 6 |  6.6
Shields        | 4 5 |  5.7
Long Blades    | 3 4 5 6 8 |  8.0
Dodging        | 1 2 |  2.2
Stealth        | 1 |  1.5
Throwing       | |  0.1

Action                     |  1- 3 |  4- 6 |  7- 9 || total
---------------------------+-------+-------+-------++-------
  Melee: Long sword        |    58 |   180 |   240 ||   478
         Headbutt          |     8 |    29 |    50 ||    87
  Throw: Throwing net      |       |     1 |     1 ||     2
 Invoke: Heroism           |       |       |     1 ||     1
    Use: Potion            |     3 |     2 |       ||     5
         Scroll            |       |     3 |    10 ||    13
   Stab: Held in net/web   |       |       |     1 ||     1
 Armour: Scale mail        |    26 |    80 |    13 ||   119
         Chain mail        |       |       |    94 ||    94
  Dodge: Dodged            |    37 |    81 |    98 ||   216
  Block: Buckler           |    18 |    47 |    63 ||   128
